 Dungeon Crawl Stone Soup version 0.31-a0-640-g39d97e502b (webtiles) character file.

Game seed: 16687002251378975567

16 qw the Shooter (level 2, 0/17 HPs)
             Began as a Gargoyle Hunter on Aug 27, 2023.
             Slain by a gnoll
             ... wielding a +0 club
              (8 damage)
             ... on level 1 of the Dungeon.
             The game lasted 00:00:10 (470 turns).

qw the Shooter (Gargoyle Hunter)                     Turns: 470, Time: 00:00:10

Health: 0/17       AC:  7    Str: 14    XL:     2   Next: 54%
Magic:  2/2        EV: 10    Int:  9    God:
Gold:   0          SH:  5    Dex: 13    Spells: 1/1 levels left

rFire   . . .        Y - +0 shortbow
rCold   . . .        (shield currently unavailable)
rNeg    + . .        g - +0 ring mail
rPois   inf          (no helmet)
rElec   +            (no cloak)
rCorr   .            (no gloves)
SInv    .            (no boots)
Will    .....        e - amulet of reflection
Stlth   +            (no ring)
HPRegen 0.22/turn    (no ring)
MPRegen 0.08/turn

%: reflection
@: no status effects
A: sickness immunity, AC +2, negative energy resistance 1, electricity
resistance, torment resistance 1, petrification resistance
a: no special abilities


You were on level 1 of the Dungeon.
You visited 1 branch of the dungeon, and saw 2 of its levels.


Innate Abilities, Weirdness & Mutations

You are immune to sickness and miasma.
Your stone body is resilient. (AC +2)
You are immune to poison.
You resist negative energy. (rN+)
You are resistant to electric shocks. (rElec)
You are resistant to unholy torment.
You are immune to petrification.


   Skills:
 - Level 2.1 Fighting
 - Level 4.6 Ranged Weapons
 + Level 0.0 Armour
 - Level 1.5 Dodging
 - Level 1.1 Stealth


You had one spell level left.
You didn't know any spells.
Your spell library was empty.

Inventory:

Hand Weapons
 Y - a +0 shortbow (weapon)
Armour
 g - a +0 ring mail (worn)
Jewellery
 e - an amulet of reflection (around neck)

Dungeon Overview and Level Annotations

Branches:
Dungeon (2/15)

Altars:

Shops:
D:1 [


Message History

433 ||| UPGRADING to amulet of reflection.
You start putting on your amulet.
You continue putting on your amulet of reflection. x5
You finish putting on your amulet of reflection.
You feel a shielding aura gather around you.
e - an amulet of reflection (around neck) Done exploring.
438 ||| READING scroll labelled EGOSEO UFELAI.
As you read the scroll labelled EGOSEO UFELAI, it crumbles to dust.
You feel momentarily disoriented.
It was a scroll of revelation.
Done exploring.
439 ||| READING scroll labelled YTUAN XEGHAUCO.
As you read the scroll labelled YTUAN XEGHAUCO, it crumbles to dust.
It is a scroll of identify.
You don't currently have any unidentified items.
Done exploring.
440 ||| DROPPING scroll of butterflies.
You drop a scroll of butterflies.
Done exploring.
What level of the Dungeon? (default 1, ? - help)
Things that are here:
a +0 dagger; a goblin skeleton
There is a stone staircase leading down here.
You climb downwards.
The gnoll shouts! x3; The ball python hisses angrily.
You hear a shout!
There is a stone staircase leading up here.
There are monsters nearby!
Waypoint 1 assigned to D:2.
466 ||| STAIRDANCE The gnoll hits you with a +0 club.
The gnoll barely misses you. You block the gnoll's attack.
You climb upwards.
There is a stone staircase leading down here.
You shoot an arrow. The arrow closely misses the gnoll.
The gnoll hits you with a +0 club. You block the gnoll's attack.
You shoot an arrow. The arrow hits the gnoll!
The gnoll is heavily wounded.
The gnoll hits you with a +0 club. The gnoll barely misses you.
You shoot an arrow. The arrow barely misses the gnoll.
You block the gnoll's attack. The gnoll hits you with a +0 club!
You die...

#.##.#.....###.#
#.##.#..###.##.#
#.##....# #....#
#.####..###.#### #.#
#.#>..## ####### #.#
#.##.## ......#####.#
#.##.#
............####g##.#
..#...#####....g@##.#
.#....## #..######.#
.......# #.........#
.#.....# ##.########
..#....#####.#
..........##.#
.##..#.#...#.#
.##.#...#....#
..........####


You could see 2 gnolls.

Vanquished Creatures
  An endoplasm (D:1)
  A giant cockroach (D:1)
  3 goblins (D:1)
  2 kobolds (D:1)
  2 ball pythons (D:1)
  2 bats (D:1)
  3 frilled lizards (D:1)
  3 rats (D:1)
17 creatures vanquished.

Notes
Turn   | Place    | Note
-------+----------+-------------------------------------------
     0 | D:1      | qw the Gargoyle Hunter began the quest for the Orb.
     0 | D:1      | Reached XP level 1. HP: 12/12 MP: 1/1
     0 | D:1      | 0 ||| qw: Version: 0.3-a-74-g56b0e0c
     0 | D:1      | 0 ||| qw: Game counter: 17
     0 | D:1      | 0 ||| qw: Melee chars always use a shield: true
     0 | D:1      | 0 ||| qw: God list: Okawaru
     0 | D:1      | 0 ||| qw: Allow faded altars: false
     0 | D:1      | 0 ||| qw: Do Orc after clearing Dungeon:15 true
     0 | D:1      | 0 ||| qw: Do second Lair branch before Depths: true
     0 | D:1      | 0 ||| qw: Lair rune preference: random
     0 | D:1      | 0 ||| qw: Goals: Normal
     0 | D:1      | 0 ||| PLANNING D:1-11
    44 | D:1      | Found Laicynn's Antique Armour Boutique.
    51 | D:1      | 51 ||| SHOPLISTING glowing robe (111 gold, have 0).
    51 | D:1      | 51 ||| SHOPLISTING helmet (135 gold, have 0).
    51 | D:1      | 51 ||| SHOPLISTING ring mail (120 gold, have 0).
   192 | D:1      | Reached XP level 2. HP: 17/17 MP: 2/2
   422 | D:1      | 422 ||| UPGRADING to +0 ring mail.
   432 | D:1      | 432 ||| DROPPING +0 leather armour.
   433 | D:1      | 433 ||| UPGRADING to amulet of reflection.
   438 | D:1      | 438 ||| READING scroll labelled EGOSEO UFELAI.
   439 | D:1      | 439 ||| READING scroll labelled YTUAN XEGHAUCO.
   440 | D:1      | 440 ||| DROPPING scroll of butterflies.
   466 | D:2      | 466 ||| STAIRDANCE
   470 | D:1      | Slain by a gnoll

Levels and vault maps discovered:
D:1:      lightli_iron_boxes, layout_loops_ring, serial_shops,
          nicolae_shop_peninsula, hangedman_abyss_or_decor_lesser_grid
D:2:      layout_loops_cross, serial_shops, nicolae_shop_behind_doors,
          uniq_crazy_yiuf_cottage

Action                     || total
---------------------------++-------
   Fire: Shortbow          ||    33
    Use: Scroll            ||     2
 Armour: Leather armour    ||     3
  Dodge: Dodged            ||     3
  Block: Other             ||     3

Table legend:
 A = Non-vault XP
 B = Vault XP
 C = Vault XP percentage of total XP
 D = Non-vault monster count
 E = Vault monster count
 F = Vault count percentage of total count
                 A         B        C        D         E       F
            +---------+---------+-------+---------+---------+-------
      Total |      23 |       0 |   0.0 |      17 |       0 |   0.0
            +---------+---------+-------+---------+---------+-------
        D:1 |      23 |       0 |   0.0 |      17 |       0 |   0.0
            +---------+---------+-------+---------+---------+-------
